 Dungeon Crawl Stone Soup version 0.31-a0-175-g9f7f995f2b (webtiles) character file.

Game seed: 641228031189178892

189 Anon1729 the Trooper (level 5, -2/47 HPs)
             Began as a Minotaur Monk on June 16, 2023.
             Slain by Grinder (6 damage)
             ... on level 4 of the Dungeon.
             The game lasted 00:01:32 (2467 turns).

Anon1729 the Trooper (Minotaur Monk)                Turns: 2467, Time: 00:01:32

Health: -2/47      AC:  8    Str: 16    XL:     5   Next: 40%
Magic:  5/5        EV:  8    Int:  7    God:
Gold:   151        SH:  0    Dex: 14    Spells: 4/4 levels left

rFire   + . .        a - +0 short sword
rCold   + . .        d - orb {light}
rNeg    . . .        m - +0 chain mail
rPois   .            (helmet restricted)
rElec   .            l - scarf {rC+ rF+}
rCorr   +            (no gloves)
SInv    .            (no boots)
Will    .....        (no amulet) Stlth
                     e - ring of resist corrosion
HPRegen 0.27/turn    (no ring)
MPRegen 0.09/turn

%: no passive effects
@: glowing
A: horns 2, retaliatory headbutt
a: no special abilities


You were on level 4 of the Dungeon.
You visited 1 branch of the dungeon, and saw 4 of its levels.

You collected 268 gold pieces.
You spent 117 gold pieces at shops.

Inventory:

Hand Weapons
 a - a +0 short sword (weapon)
Armour
 b - a +0 robe
 d - an orb of light (worn)
 l - a scarf of resistance (worn)
 m - a +0 chain mail (worn)
Jewellery
 e - a ring of resist corrosion (left hand)
 k - a ring of ice
Scrolls
 g - 3 scrolls of enchant weapon {unknown}
 h - a scroll of noise {unknown}
 i - 3 scrolls of identify {unknown}
 o - a scroll of amnesia {unknown}
 p - a scroll of torment {unknown}
Potions
 c - a potion of ambrosia
 f - 2 potions of curing
 j - a potion of lignification {unknown}
 n - a potion of berserk rage {unknown}
 q - a potion of cancellation {unknown}
 r - a potion of haste {unknown}
 s - a potion of magic {unknown}


   Skills:
 + Level 4.6 Fighting
 + Level 4.2 Short Blades
 + Level 2.4 Armour
 + Level 4.2 Dodging
 + Level 2.1 Invocations


You had 4 spell levels left.
You didn't know any spells.
Your spell library contained the following spells:

 Spells                   Type           Power      Damage    Failure   Level
 Cigotuvi's Dreadful Rot  Necr/Pois/Air  0%         N/A       100%        2
 Ensorcelled Hibernation  Hex/Ice        0%         N/A       100%        2
 Ignite Poison            Fire/Tmut/Pois 0%         N/A       100%        3
 Ozocubu's Armour         Ice            0%         N/A       100%        3
 Spider Form              Tmut/Pois      0%         N/A       100%        3
 Anguish                  Hex/Necr       0%         N/A       100%        4
 Freezing Cloud           Conj/Ice/Air   0%         6-21      100%        5
 Ozocubu's Refrigeration  Ice            0%         4d7       100%        7


Dungeon Overview and Level Annotations

Branches:
Dungeon (4/15)
 Temple: D:4-7

Altars:
Xom

Shops:
D:3 *

Annotations:
D:4 Grinder, Robin


Innate Abilities, Weirdness & Mutations

You have a pair of horns on your head.
You reflexively headbutt those who attack you in melee.


Message History

Grinder blinks!
Grinder gestures at you. Pain shoots through your body! Grinder hits you.
You writhe in agony.
You hit Grinder.
Grinder is moderately wounded.
Grinder gestures at you. Pain shoots through your body!
You hit Grinder.
Grinder is moderately wounded.
Grinder hits you.
You writhe in agony.
You barely miss Grinder. You headbutt Grinder.
Grinder is heavily wounded.
You hit Grinder but do no damage.
Grinder is heavily wounded.
Grinder gestures at you. Pain shoots through your body!
You hit Grinder. You headbutt Grinder!
Grinder is severely wounded.
Grinder hits you.
* * * LOW HITPOINT WARNING * * *
You writhe in agony.
* * * LOW HITPOINT WARNING * * *
You feel better. Grinder hits you.
You writhe in agony.
You hit Grinder. You headbutt Grinder.
Grinder is almost dead.
Grinder gestures at you. Pain shoots through your body!
* * * LOW HITPOINT WARNING * * *
You barely miss Grinder.
Grinder is almost dead.
You hit Grinder. You headbutt Grinder, but do no damage.
Grinder is almost dead.
Grinder hits you but does no damage.
You hit Grinder but do no damage.
Grinder is almost dead.
Grinder hits you!
* * * LOW HITPOINT WARNING * * *
You writhe in agony.
You die...

.# ##......#### .#
#..........# .##
##.....##..## ..#
#......####..# #.#
#.##..####...###.#
#.# #.
##.###.#.....#
#.###
##.#.###.###.##
....#
#####.............
#.#.#
#..5@$......##.###
#.#.#
#.###..###..# #.#
. ##!# #..# #.# ##
..# #..# ..# ##.#
#..# ### ... #..#
.# # .#. ..# .##.#
....#


You could see Grinder.

Vanquished Creatures
  Blork the orc (D:4)
  An iguana (D:4)
  3 adders
  A worm (D:2)
  An orc (D:3)
  6 endoplasms
  3 giant cockroaches
  6 goblins
  5 hobgoblins
  7 jackals
  6 ball pythons
  3 bats
  3 frilled lizards
  9 kobolds
  7 rats
62 creatures vanquished.

Notes
Turn   | Place    | Note
-------+----------+-------------------------------------------
     0 | D:1      | Anon1729 the Minotaur Monk began the quest for the Orb.
     0 | D:1      | Reached XP level 1. HP: 19/19 MP: 0/0
   147 | D:1      | Found a faded altar of an unknown god.
   180 | D:1      | Reached XP level 2. HP: 24/27 MP: 1/1
   314 | D:1      | Reached skill level 1 in Armour
   643 | D:2      | Reached skill level 1 in Invocations
   775 | D:2      | Reached XP level 3. HP: 33/33 MP: 2/2
   951 | D:2      | Found a shimmering altar of Xom.
  1331 | D:3      | Found Fehiylim's Assorted Antiques.
  1339 | D:3      | Bought a scroll labelled ZOUHOT ZESAI for 24 gold pieces
  1339 | D:3      | Bought a scroll labelled GACANEUSEP for 24 gold pieces
  1339 | D:3      | Bought a scroll labelled ALAETY BOAPN for 24 gold pieces
  1339 | D:3      | Bought a scroll labelled GACANEUSEP for 24 gold pieces
  1339 | D:3      | Bought a white potion for 21 gold pieces
  1551 | D:3      | Reached XP level 4. HP: 40/40 MP: 4/4
  2214 | D:4      | Noticed Blork the orc
  2225 | D:4      | Killed Blork the orc
  2226 | D:4      | Reached XP level 5. HP: 19/47 MP: 5/5
  2232 | D:4      | Noticed Robin
  2429 | D:4      | Noticed Grinder
  2449 | D:4      | Paralysed by Grinder for 3 turns
  2467 | D:4      | Slain by Grinder

Illustrated notes

Levels and vault maps discovered:
D:1:      heliophobic_arrival_glass_houses, layout_basic,
          shapermc_ecumenical_altar_venn
D:2:      layout_basic, basic_altar, serial_bayou_lagoon_a, minmay_crystal_room,
          chequers_serial_rivers_large_a
D:3:      layout_loops_corners, serial_shops, nicolae_shop_overgrown_old_shop
D:4:      layout_loops_ring, grunt_temple_overflow_open,
          chequers_serial_rivers_small_a, uniq_robin, uniq_blork_the_orc,
          uniq_grinder

Skill      XL: |  1  2  3  4 |
---------------+-------------+-----
Armour         | 1 2 |  2.4
Invocations    | 1 2 |  2.1
Fighting       | 4 |  4.6
Dodging        | 4 |  4.2
Short Blades   | 4 |  4.2

Action                     |  1- 3 |  4- 6 || total
---------------------------+-------+-------++-------
  Melee: Short sword       |    98 |    77 ||   175
         Headbutt          |    17 |    14 ||    31
    Use: Potion            |       |     2 ||     2
 Armour: Robe              |    13 |       ||    13
         Chain mail        |     7 |    33 ||    40
  Dodge: Dodged            |    50 |    26 ||    76

Table legend: (Time is in decaauts)
 A = Elapsed time spent in this place.
 B = Non-inter-level travel time spent in this place.
 C = Inter-level travel time spent in this place.
 D = Time resting spent in this place.
 E = Time spent auto-exploring this place.
 F = Levels seen in this place.
 G = Mean time per level.
                   A        B        C        D        E       F      G
               +--------+--------+--------+--------+--------+-----+--------+
         Total |   2462 |   2332 |    130 |    158 |   1776 |   4 |  615.5 |
       Dungeon |   2462 |   2332 |    130 |    158 |   1776 |   4 |  615.5 |
               +--------+--------+--------+--------+--------+-----+--------+

Top non-repeatable levels by time:
     D:3: 897 daAuts
     D:2: 617 daAuts
     D:1: 611 daAuts
     D:4: 336 daAuts
